 Dungeon Crawl Stone Soup version 0.27-a0-1334-g2746e35aca (webtiles) character file.

Game seed: 5703615661447669691

11943 Sobieck the Fighter (level 11, -2/123 HPs)
             Began as an Ogre Berserker on June 26, 2021.
             Was an Elder of Trog.
             Slain by a boulder beetle (22 damage)
             ... on level 11 of the Dungeon.
             The game lasted 00:29:02 (15307 turns).

Sobieck the Fighter (Ogre Berserker)               Turns: 15307, Time: 00:29:03

Health: -2/123     AC: 15    Str: 26    XL:     11   Next: 85%
Magic:  0/11       EV:  7    Int:  8    God:    Trog [****..]
Gold:   1817       SH:  0    Dex:  8    Spells: 10/10 levels left

rFire    + . .     SeeInvis +   a - +3 giant spiked club {mace}
rCold    + . .     Faith    .   (shield currently unavailable)
rNeg     . . .     Spirit   +   D - +0 gold dragon scales {rare}
rPois    +         Reflect  .   (helmet restricted)
rElec    .         Harm     .   t - +0 cloak
rCorr    .         Rampage  .   (gloves unavailable)
Will     +++..                  (boots unavailable)
Stlth    ..........             C - amulet of guardian spirit
HPRegen  1.30/turn              Q - ring of see invisible
MPRegen  0.12/turn              e - +4 ring of evasion

@: strong-willed, on berserk cooldown, regenerating, slowed, very slow
A: large, unfitting armour, tough skin 1
a: Renounce Religion, Berserk, Trog's Hand, Brothers in Arms


You were on level 11 of the Dungeon.
You worshipped Trog.
Trog was greatly pleased with you.
You visited 1 branch of the dungeon, and saw 12 of its levels.
You also visited: Ossuary and Bailey.

You collected 1817 gold pieces.


Innate Abilities, Weirdness & Mutations

You are too large for most types of armour.
You have tough skin. (AC +1)


   Skills:
 + Level 12.3 Fighting
 * Level 12.0 Maces & Flails
 + Level 2.0 Armour
 + Level 8.9 Dodging


You had 10 spell levels left.
You didn't know any spells.
Your spell library was empty.

Inventory:

Hand Weapons
 a - a +3 giant spiked club (weapon) {mace}
   (You took it off an ogre on level 6 of the Dungeon)
 b - a +5 hunting sling of flaming {sling}
   (You took it off Joseph on level 8 of the Dungeon)
 v - a +0 quarterstaff of freezing {staff}
   (You took it off Fannar on level 10 of the Dungeon)
 Y - a +0 hand crossbow {crossbow}
   (You found it on level 9 of the Dungeon)
Missiles
 d - 140 arrows
 j - 45 poisoned darts (quivered) {throwing}
 m - 15 javelins {throwing}
 o - 8 boomerangs {throwing}
 p - 277 stones {throwing}
 r - 69 sling bullets
 H - 8 atropa-tipped darts {throwing}
 P - 81 bolts
Armour
 t - a +0 cloak (worn)
   (You took it off Crazy Yiuf on level 2 of the Dungeon)
 D - +0 gold dragon scales (worn) {rare}
   (You found it on level 10 of the Dungeon)
Magical Staves
 N - a staff of fire {forbidden!astaff}
   (You found it on level 11 of the Dungeon)
Jewellery
 e - a +4 ring of evasion (right hand)
   (You found it on level 2 of the Dungeon)
 i - a +6 ring of intelligence
   (You found it on level 1 of the Dungeon)
 q - a ring of poison resistance
   (You found it on level 10 of the Dungeon)
 w - a ring of ice
   (You took it off Fannar on level 10 of the Dungeon)
 C - an amulet of guardian spirit (around neck)
   (You found it on level 3 of the Dungeon)
 L - a ring of positive energy
   (You found it on level 4 of the Dungeon)
 Q - a ring of see invisible (left hand)
   (You found it on level 6 of the Dungeon)
 S - a ring of flight
   (You found it on level 7 of the Dungeon)
Wands
 A - a wand of digging (4)
   (You found it on level 11 of the Dungeon)
 B - a wand of mindburst (4)
   (You took it off Ijyb on level 3 of the Dungeon)
 O - a wand of flame (51)
   (You found it on level 5 of the Dungeon)
 U - a wand of iceblast (5)
   (You found it on level 8 of the Dungeon)
Scrolls
 g - 2 scrolls of teleportation {@r4}
 s - a scroll of magic mapping {!r}
 y - a scroll of fear
 E - a scroll of immolation {!r!r}
 G - 4 scrolls of vulnerability {!r!r}
 W - a scroll of fog
 Z - 2 scrolls of blinking {!r}
Potions
 c - 3 potions of haste {@q3}
 f - 7 potions of curing {@q1}
 h - 4 potions of attraction {!q}
 k - 2 potions of resistance
 l - 3 potions of heal wounds {@q2}
 n - 3 potions of invisibility
 u - 4 potions of flight
 z - a potion of magic {unknown}
 F - 2 potions of mutation {!q}
 I - 5 potions of ambrosia {unknown}
 J - 3 potions of lignification {unknown}
 K - a potion of berserk rage {unknown}
 M - 2 potions of brilliance {unknown}
Miscellaneous
 x - a lightning rod (4/4)
   (You found it on level 10 of the Dungeon)
 X - a condenser vane
   (You found it on level 9 of the Dungeon)

Dungeon Overview and Level Annotations

Branches:
Dungeon (12/15)            Temple (0/1) D:7            Lair (0/6) D:8
    Orc (0/2) D:10        Ossuary (visited)          Bailey (visited)

Altars:
Cheibriados
Gozag
Nemelex Xobeh
Okawaru
Ru
Uskayaw
Wu Jian
Yredelemnul
The Shining One

Shops:
D:7 :

Annotations:
D:4 3 runed translucent doors, CowFu's ghost, amateur DEVM; Drazool's ghost, amateur PaAr; UncommonGray's ghost, amateur HOMo; pigah's ghost, novice OpWn
D:7 exclusion: downstairs

######### ........#
..<.....########
........'......### ########
........######..@###.°....#
........# ###.B...##...##
.......^# #######8...8#
........# # ##...##
........# #8###⌠##B..#
........# ....$...)..#
#'####### ...........8# #.#
...B.......## #.#
...##8###8## ..#


You could see a boulder beetle.


Message History

n - 3 potions of invisibility (gained 1)
You open the door.
There is an open door here.
N - a staff of fire {forbidden!astaff} Harold the Weathered comes into view.
He is wielding a +0 battleaxe and wearing a +2 ring mail of poison resistance.
Harold shouts!
Harold throws a throwing net.
The throwing net hits you.
You become entangled in the net!
You see here a throwing net {=f!fthrowing}.
You struggle against the net.
You struggle against the net.
Harold fires a harpoon shot at you. The harpoon shot hits you.
You are yanked forward by the harpoon shot. 😕 HP[-4] MP[-1]
You take 4 damage, and now have 119/123 hp.
You lost 1 mp, and now have 10/11 mp.
Harold hits you with a +0 battleaxe!! 😕 HP[-19] MP[-2]
You take 19 damage, and now have 100/123 hp.
You lost 2 mp, and now have 8/11 mp.
Unknown command.
Your +5 hunting sling of flaming {sling} stops flaming.
a - a +3 giant spiked club (weapon)
{mace} Harold hits you with a +0 battleaxe! 😮 HP[-9] MP[-1]
You take 9 damage, and now have 91/123 hp.
You lost 1 mp, and now have 7/11 mp.
A red film seems to cover your vision as you go berserk!
You feel yourself moving faster!
You feel mighty!
Harold hits you with a +0 battleaxe. 😮 HP[+43]
You now have 184 max hp (+61).
You regained 43 hp, and now have 134/184 hp.
You closely miss Harold. 😮 HP[+1]
You bludgeon Harold!! Harold hits you with a +0 battleaxe!!
You puncture Harold! Harold barely misses you. 😮 HP[-18]
You take 18 damage, and now have 117/184 hp.
Unknown command.
You closely miss Harold.
Harold hits you but does no damage. 😮 HP[+1]
You pound Harold like an anvil!!!
You kill Harold!
Trog accepts your kill.
Trog appreciates your killing of a magic user.
A boulder beetle comes into view.
Your Maces & Flails skill increases to level 12!
Your Armour skill increases to level 2!
Items here: ! ( ) [. 😮 MP[+1]
You feel a strong urge to attack something.
You are no longer berserk.
You are exhausted.
You feel yourself slow down. 😮 HP[-39]
You now have 123 max hp (-61). 😮 HP[+1] 😮 HP[+1] 😮 MP[+1] 😮 HP[+1]
The boulder beetle curls into a ball and begins rolling! 😮 HP[+1]
The boulder beetle hits you.
The boulder beetle stops rolling and uncurls. 😮 HP[-3] MP[-1]
You take 3 damage, and now have 80/123 hp.
You lost 1 mp, and now have 8/11 mp.
You spit the boulder beetle like a pig!!!
The boulder beetle closely misses you. The boulder beetle bites you!!
* * * LOW HITPOINT WARNING * * *
😨 HP[-22] MP[-1]
You take 22 damage, and now have 58/123 hp.
You lost 1 mp, and now have 7/11 mp.
You hit the boulder beetle but do no damage.
The boulder beetle bites you!
* * * LOW HITPOINT WARNING * * *
The boulder beetle bites you but does no damage. 😨 HP[-6] MP[-1]
You take 6 damage, and now have 52/123 hp.
You lost 1 mp, and now have 6/11 mp.
You bludgeon the boulder beetle!! The boulder beetle bites you!!
* * * LOW HITPOINT WARNING * * *
The boulder beetle bites you!
* * * LOW HITPOINT WARNING * * *
😱 HP[-24] MP[-3]
You take 24 damage, and now have 28/123 hp.
You lost 3 mp, and now have 3/11 mp.
Unknown command.
You fail to use your ability.
The boulder beetle bites you!
* * * LOW HITPOINT WARNING * * *
😱 HP[-10] MP[-1]
You take 10 damage, and now have 18/123 hp.
You lost 1 mp, and now have 2/11 mp.
Your skin crawls.
You feel strong-willed. The boulder beetle bites you!!
You die...

Skill      XL: |  1  2  3  4  5  6  7  8  9 10 11 |
---------------+----------------------------------+-----
Maces & Flails | 3 4 5 6 8 9 10 12 | 12.0
Dodging        | 3 4 5 6 8 |  8.9
Fighting       | 5 6 8 9 11 12 | 12.3
Armour         | 2 |  2.0

Action                   |  1- 3 |  4- 6 |  7- 9 | 10-12 || total
-------------------------+-------+-------+-------+-------++-------
Melee: Mace              |    40 |    81 |       |       ||   121
       Flail             |       |    31 |       |       ||    31
       Giant spiked club |       |       |   229 |   242 ||   471
 Fire: Hunting sling     |       |    31 |    37 |    29 ||    97
Throw: Dart              |       |    22 |     9 |     4 ||    35
Invok: Berserk           |     6 |     8 |    13 |    14 ||    41
       Trog's Hand       |       |     1 |     1 |     3 ||     5
  Use: Scroll            |       |     6 |    18 |       ||    24
 Stab: Sleeping          |       |     1 |       |       ||     1
Armor: Animal skin       |    16 |    28 |     9 |       ||    53
       Robe              |       |       |    64 |       ||    64
       Steam dragon scal |       |       |     5 |    67 ||    72
       Gold dragon scale |       |       |       |    34 ||    34
Dodge: Dodged            |    22 |    79 |   212 |   270 ||   583

Levels and vault maps discovered:
D:1:      scummos_arrival_forest, layout_rooms,
          hellmonk_ecumenical_altar_crossroads, minmay_pentomino_o4
D:2:      layout_basic, minmay_fractal_squares_5, uniq_crazy_yiuf_cottage
D:3:      layout_basic, minmay_overflow_temple_hex, uniq_ijyb
D:4:      minmay_opposing_rooms, layout_loops_ring, lemuel_round_altar,
          gammafunk_ghost_cemetery, minivault_26, minmay_surrounded,
          uniq_sigmund
D:5:      layout_loops_ring, hangedman_decor_growths, uniq_grinder,
          uniq_eustachio
D:6:      layout_loops_corners, jmf_multi_god_temple2, minmay_stone_trees_small,
          uniq_pikel
D:7:      layout_rooms, minmay_temple_entry_mini_moons, serial_shops,
          kennysheep_mini_moat, gup_ossuary_entry_pyramid,
          minmay_misc_feat_more_columns
D:8:      layout_loops_ring, david_lair_shrubbed, minmay_misc_feat_alley,
          uniq_joseph
D:9:      layout_rooms, minmay_strange_pillars, minivault_7
D:10:     layout_layer_cave, orc_0_dummy, enter_bailey_5, uniq_fannar
D:11:     layout_roguey, serial_corexii_hall, corexii_hall_statues_t,
          chequers_hall_statues_y, chequers_hall_statues_y,
          corexii_hall_statues_s, serial_shops, shop, uniq_erica, uniq_harold
D:12:     layout_basic, serial_ice, serial_ice_g, serial_ice_i, serial_ice_n,
          serial_ice_h, serial_ice_f, serial_ice_c

Notes
Turn   | Place    | Note
-------+----------+-------------------------------------------
     0 | D:1      | Sobieck the Ogre Berserker began the quest for the Orb.
     0 | D:1      | Reached XP level 1. HP: 24/24 MP: 1/1
     0 | D:1      | magus.rc [v1.9.6]
   243 | D:1      | Reached skill level 3 in Maces & Flails
   243 | D:1      | Reached XP level 2. HP: 26/32 MP: 2/2
   526 | D:1      | Reached skill level 3 in Dodging
   533 | D:1      | Reached XP level 3. HP: 40/40 MP: 3/3
   927 | D:2      | Reached XP level 4. HP: 49/49 MP: 4/4
  1221 | D:1      | Reached ** piety under Trog
  1314 | D:1      | Found a faded altar of an unknown god.
  2058 | D:2      | Found a runed translucent door.
  2059 | D:2      | Noticed Crazy Yiuf
  2185 | D:2      | Reached skill level 5 in Fighting
  2185 | D:2      | Reached skill level 4 in Maces & Flails
  2185 | D:2      | Reached XP level 5. HP: 57/57 MP: 5/5
  2637 | D:2      | Killed Crazy Yiuf
  3040 | D:3      | Reached XP level 6. HP: 63/66 MP: 6/6
  3056 | D:1      | magus.rc [v1.9.6]
  3291 | D:3      | Found a hide-covered altar of Uskayaw.
  3291 | D:3      | Found a sparkling altar of Nemelex Xobeh.
  3291 | D:3      | Found a sacrificial altar of Ru.
  3291 | D:3      | Found an opulent altar of Gozag.
  3297 | D:3      | Found a glowing golden altar of the Shining One.
  3301 | D:3      | Found an ornate altar of the Wu Jian Council.
  3398 | D:3      | Noticed Ijyb
  3408 | D:3      | Killed Ijyb
  4218 | D:4      | Reached *** piety under Trog
  4365 | D:4      | You fall into a shaft and drop 3 floors!
  4365 | D:7      | Found a staircase to the Ecumenical Temple.
  4368 | D:7      | Reached skill level 5 in Maces & Flails
  4368 | D:7      | Reached skill level 4 in Dodging
  4384 | D:8      | Noticed Joseph
  4639 | D:6      | Reached skill level 6 in Fighting
  4639 | D:6      | Reached XP level 7. HP: 75/75 MP: 7/7
  4951 | D:7      | Found a sand-covered staircase.
  4960 | Ossuary  | Entered an ossuary
  5296 | Ossuary  | Identified a scroll of acquirement
  5296 | Ossuary  | Acquired 1025 gold pieces
  5361 | D:6      | Found a large runed translucent door.
  5363 | D:6      | Found a large runed translucent door.
  5412 | D:6      | Identified the +5 scythe of the Extremes {vorpal, rF+
                  | rCorr}
  5464 | D:5      | Entered Level 5 of the Dungeon
  5532 | D:4      | Found a basalt altar of Yredelemnul.
  5532 | D:4      | Noticed Sigmund
  5544 | D:4      | Killed Sigmund
  5545 | D:4      | Reached skill level 6 in Maces & Flails
  5695 | D:4      | Reached XP level 8. HP: 84/84 MP: 8/8
  5747 | D:4      | Reached skill level 7 in Fighting
  5941 | D:4      | Found a runed translucent gate.
  5942 | D:4      | Found a runed translucent gate.
  5943 | D:4      | Found a runed translucent gate.
  5945 | D:4      | Noticed pigah's ghost (novice OpWn)
  5946 | D:4      | Noticed Drazool's ghost (amateur PaAr)
  5946 | D:4      | Noticed UncommonGray's ghost (amateur HOMo)
  5946 | D:4      | Noticed CowFu's ghost (amateur DEVM)
  6783 | D:5      | Noticed Eustachio
  6801 | D:5      | Killed Eustachio
  6802 | D:5      | Reached skill level 5 in Dodging
  7110 | D:5      | Noticed Grinder
  7117 | D:5      | Killed Grinder
  7118 | D:5      | Reached skill level 7 in Maces & Flails
  7272 | D:6      | Noticed Pikel
  7317 | D:5      | Killed Pikel
  7318 | D:5      | Reached skill level 8 in Fighting
  7318 | D:5      | Reached skill level 8 in Maces & Flails
  7318 | D:5      | Reached XP level 9. HP: 97/97 MP: 6/9
  7665 | D:5      | Reached skill level 6 in Dodging
  8571 | D:6      | Reached skill level 9 in Fighting
  8986 | D:6      | Found an iron altar of Okawaru.
  8996 | D:6      | Found a snail-covered altar of Cheibriados.
  9038 | D:7      | Reached **** piety under Trog
  9347 | D:7      | Reached skill level 9 in Maces & Flails
  9663 | D:7      | Found Giniem's Book Shoppe.
  9747 | D:8      | Killed Joseph
  9748 | D:8      | Reached XP level 10. HP: 110/110 MP: 8/10
  9847 | D:8      | Reached skill level 10 in Fighting
  9847 | D:8      | Reached skill level 7 in Dodging
 10056 | D:8      | Reached skill level 10 in Maces & Flails
 10345 | D:8      | Found a staircase to the Lair.
 11261 | D:10     | Entered Level 10 of the Dungeon
 11261 | D:10     | Found a flagged portal.
 11291 | Bailey   | Entered a bailey
 11554 | Bailey   | HP: 19/111 [orc warrior (15)]
 11560 | D:10     | HP: 10/166 [orc warrior (22)]
 12485 | D:9      | Noticed a kobold demonologist
 12489 | D:9      | Killed a kobold demonologist
 12490 | D:9      | Reached skill level 11 in Fighting
 12490 | D:9      | Noticed a kobold demonologist
 12493 | D:9      | Killed a kobold demonologist
 12632 | D:9      | Reached skill level 8 in Dodging
 12781 | D:9      | Reached XP level 11. HP: 120/120 MP: 9/11
 12877 | D:9      | Reached skill level 11 in Maces & Flails
 13319 | D:10     | Noticed Fannar
 13335 | D:10     | Killed Fannar
 13364 | D:10     | Found a staircase to the Orcish Mines.
 13624 | D:11     | Noticed a manticore
 13630 | D:11     | Killed a manticore
 14097 | D:10     | Identified +0 gold dragon scales
 14098 | D:10     | D - +0 gold dragon scales {rare}
 14109 | D:10     | You finish putting on your +0 gold dragon scales {rare}.
 14742 | D:11     | Reached skill level 12 in Fighting
 14742 | D:11     | Reached skill level 1 in Armour
 14996 | D:11     | Noticed a centaur warrior
 15011 | D:11     | Killed a centaur warrior
 15279 | D:11     | Noticed Harold
 15290 | D:11     | Killed Harold
 15290 | D:11     | Noticed a boulder beetle
 15291 | D:11     | Reached skill level 12 in Maces & Flails
 15291 | D:11     | Reached skill level 2 in Armour
 15305 | D:11     | HP: 28/123 [boulder beetle (8)]
 15307 | D:11     | Slain by a boulder beetle

Vanquished Creatures
  Fannar (D:10)
  Harold (D:11)
  A centaur warrior (D:11)
  Pikel (D:5)
  A manticore (D:11)
  Joseph (D:8)
  A gargoyle (D:10)
  2 kobold demonologists (D:9)
  2 unseen horrors
  A komodo dragon (D:8)
  A queen bee (D:9)
  2 trolls
  A hornet (D:10)
  Grinder (D:5)
  A shadow (D:12)
  Sigmund (D:4)
  10 yaks
  3 steam dragons
  Eustachio (D:5)
  A water moccasin (D:8)
  3 orc warriors
  A sky beast (D:7)
  A necrophage (D:6)
  3 ogres
  A centaur (D:8)
  A lemure (D:5)
  2 kobold brigands
  3 bullfrogs
  3 scorpions
  A wyvern skeleton (D:5)
  21 killer bees
  4 wights (D:10)
  4 howler monkeys
  A bullfrog zombie (D:6)
  3 centaur zombies
  A bullfrog skeleton (D:6)
  3 hounds
  A jelly (D:4)
  5 orc priests
  Crazy Yiuf (D:2)
  A centaur skeleton (D:6)
  Ijyb (D:3)
  4 iguanas
  5 orc wizards
  A hound skeleton (D:5)
  9 mummies
  A howler monkey zombie (D:7)
  8 gnolls
  8 adders
  A white imp (D:7)
  2 adder skeletons (D:4)
  4 dart slugs
  28 orcs
  5 bats
  5 endoplasms
  5 giant cockroaches
  2 gnoll zombies (Ossuary)
  14 goblins
  4 hobgoblins
  A jackal (D:2)
  12 kobolds
  4 quokkas
  5 ball pythons
  5 frilled lizards
  2 hobgoblin zombies (Ossuary)
  2 kobold zombies (Ossuary)
  2 orc zombies (Ossuary)
  4 rats
242 creatures vanquished.

Vanquished Creatures (others)
  6 plants (D:8)
6 creatures vanquished.

Grand Total: 248 creatures vanquished

Table legend:
 A = Non-vault XP
 B = Vault XP
 C = Vault XP percentage of total XP
 D = Non-vault monster count
 E = Vault monster count
 F = Vault count percentage of total count
                 A         B        C        D         E       F
            +---------+---------+-------+---------+---------+-------
      Total |   10630 |    6432 |  37.7 |     162 |      79 |  32.8
            +---------+---------+-------+---------+---------+-------
        D:1 |      78 |       4 |   4.9 |      17 |       3 |  15.0
        D:2 |      76 |      55 |  42.0 |      17 |       8 |  32.0
        D:3 |     166 |      36 |  17.8 |      20 |       1 |   4.8
        D:4 |      67 |     344 |  83.7 |       7 |      14 |  66.7
        D:5 |     316 |    1183 |  78.9 |       8 |       3 |  27.3
        D:6 |     969 |     127 |  11.6 |      27 |       2 |   6.9
        D:7 |     584 |      18 |   3.0 |      13 |       1 |   7.1
        D:8 |    1926 |     761 |  28.3 |      19 |       2 |   9.5
        D:9 |    1147 |    1365 |  54.3 |      13 |      18 |  58.1
       D:10 |    1698 |    1139 |  40.1 |      10 |       6 |  37.5
       D:11 |    3375 |     981 |  22.5 |      10 |       1 |   9.1
       D:12 |     228 |       0 |   0.0 |       1 |       0 |   0.0
    Ossuary |       0 |     147 | 100.0 |       0 |      16 | 100.0
     Bailey |       0 |     272 | 100.0 |       0 |       4 | 100.0
            +---------+---------+-------+---------+---------+-------

Illustrated notes

Table legend:
 A = Kills in this place as a percentage of kills in entire the game.
 B = Kills by you in this place as a percentage of kills by you in the entire game.
 C = Kills by friends in this place as a percentage of kills by friends in the entire game.
 D = Other kills in this place as a percentage of other kills in the entire game.
 E = Experience gained in this place as a percentage of experience gained in the entire game.
 F = Experience gained in this place divided by the number of levels of this place that you have seen.
                   A       B       C       D       E      F
               +-------+-------+-------+-------+-------+----------------------
         Total | 100.0 | 100.0 |   N/A |   N/A | 100.0 | 1218.7
       Dungeon |  91.7 |  91.7 |   N/A |   N/A |  97.5 | 1386.9
       Ossuary |   6.6 |   6.6 |   N/A |   N/A |   0.9 | 147.0
        Bailey |   1.7 |   1.7 |   N/A |   N/A |   1.6 | 272.0
               +-------+-------+-------+-------+-------+----------------------

Table legend: (Time is in decaauts)
 A = Elapsed time spent in this place.
 B = Non-inter-level travel time spent in this place.
 C = Inter-level travel time spent in this place.
 D = Time resting spent in this place.
 E = Time spent auto-exploring this place.
 F = Levels seen in this place.
 G = Mean time per level.
                   A        B        C        D        E       F      G
               +--------+--------+--------+--------+--------+-----+--------+
         Total |  15871 |  15188 |    683 |   5818 |   7160 |  14 | 1133.6 |
       Dungeon |  15225 |  14542 |    683 |   5500 |   7055 |  12 | 1268.8 |
       Ossuary |    377 |    377 |      0 |    123 |    105 |   1 |  377.0 |
        Bailey |    268 |    268 |      0 |    195 |      0 |   1 |  268.0 |
               +--------+--------+--------+--------+--------+-----+--------+

Top non-repeatable levels by time:
     D:6: 1877 daAuts
    D:10: 1826 daAuts
     D:1: 1548 daAuts
     D:8: 1535 daAuts
     D:4: 1456 daAuts
     D:3: 1375 daAuts
     D:2: 1324 daAuts
     D:9: 1288 daAuts
     D:5: 1162 daAuts
     D:7: 962 daAuts
    D:11: 849 daAuts
 Ossuary: 377 daAuts
  Bailey: 268 daAuts
    D:12: 18 daAuts
